 Dungeon Crawl Stone Soup version 0.31.0-11-ge490571c62 (webtiles) character file.

Game seed: 14728381753634842121

1289 qw the Nimble (level 8, 0/39 HPs)
             Began as a Spriggan Hunter on Feb 3, 2024.
             Was a Follower of Okawaru.
             Slain by an orc warrior
             ... wielding a +0 hand axe
              (2 damage)
             ... on level 6 of the Dungeon.
             The game lasted 00:00:14 (3491 turns).

qw the Nimble (Spriggan Hunter)                     Turns: 3491, Time: 00:00:15

Health: 0/39       AC:  4    Str:  7    XL:     8   Next: 30%
Magic:  10/10      EV: 28    Int: 11    God:    Okawaru [*.....]
Gold:   201        SH:  0    Dex: 26    Spells: 7/7 levels left

rFire   . . .        b - +1 shortbow (elec)
rCold   . . .        (shield currently unavailable)
rNeg    . . .        j - +2 robe {Will+}
rPois   .            (helmet restricted)
rElec   .            (no cloak)
rCorr   .            (gloves unavailable)
SInv    +            (boots unavailable)
Will    ++...        (no amulet)
Stlth   ++           i - +6 ring of dexterity
HPRegen 0.26/turn    (no ring)
MPRegen 0.12/turn

%: no passive effects
@: about to teleport, very quick
A: very small, no large weapons, unfitting armour, see invisible, speed 3
a: Renounce Religion, Heroism


You were on level 6 of the Dungeon.
You worshipped Okawaru.
Okawaru was aware of your devotion.
You visited 2 branches of the dungeon, and saw 7 of its levels.

You collected 201 gold pieces.


Innate Abilities, Weirdness & Mutations

You are very small and have problems with some larger weapons.
You are too small for most types of armour.
You have supernaturally acute eyesight. (SInv)
You cover ground extremely quickly. (Speed+++)


   Skills:
 - Level 2.0 Fighting
 + Level 7.7 Ranged Weapons
 - Level 9.8 Dodging
 - Level 1.5 Stealth
 + Level 1.6 Invocations


You had 7 spell levels left.
You didn't know any spells.
Your spell library was empty.

Inventory:

Hand Weapons
 b - a +1 shortbow of electrocution (weapon)
Armour
 j - a +2 robe of willpower (worn)
Jewellery
 i - a +6 ring of dexterity (left hand)
Wands
 k - a wand of charming (20)
 p - a wand of polymorph (7)
Scrolls
 d - 3 scrolls of teleportation
Potions
 e - 2 potions of cancellation
 l - 5 potions of curing

Dungeon Overview and Level Annotations

Branches:
Dungeon (6/15)             Temple (1/1) D:5

Altars:
Ashenzari
Dithmenos
Elyvilon
Fedhas
Gozag
Kikubaaqudgha
Makhleb
Nemelex Xobeh
Okawaru
Qazlal
Ru
Sif Muna
Trog
Uskayaw
Vehumet
Wu Jian
Yredelemnul
Zin
The Shining One

Shops:
D:2 =

Annotations:
D:4 1 runed translucent door, Crazy Yiuf
D:6 Jeremiah


Message History

A centaur comes into view.
3479 ||| RETREEEEATING.
3480 ||| RETREEEEATING.
3481 ||| RETREEEEATING.
You shoot an arrow. The arrow hits the orc!
You kill the orc!
Okawaru accepts your kill.
Jeremiah cries, "Fearful master, protect me!"
Something smites you!
3483 ||| RETREEEEATING.
Found a book of the Tundra.
3484 ||| RETREEEEATING.
An orc comes into view. It is wielding a +0 hand axe.
3485 ||| RETREEEEATING.
You shoot an arrow. The orc shouts!
The arrow hits the orc warrior.
The orc warrior is lightly wounded.
You shoot an arrow.
The arrow hits the orc warrior but does no damage.
The orc warrior is lightly wounded.
The orc warrior hits you with a +0 hand axe.
A white imp comes into view.
3488 ||| RETREEEEATING.
You shoot an arrow. The arrow hits the orc warrior.
The orc warrior is moderately wounded.
The orc warrior hits you with a +0 hand axe!
The orc warrior barely misses you.
You shoot an arrow.
The arrow hits the orc warrior but does no damage.
The orc warrior is moderately wounded.
The butterfly disappears in a burst of colours!
Jeremiah hops!
The orc warrior hits you from afar with a +0 glaive!
The orc warrior barely misses you.
3491 ||| READING 4 scrolls of teleportation.
As you read the scroll of teleportation, it crumbles to dust.
You feel strangely unstable. The orc warrior misses you.
The orc warrior hits you with a +0 hand axe.
You die...

#..# 5#.#
####..####o..#
..bFb...o..####
#######.b##.)......
..b....b.bc.###
######co.<...#
#.F.#o####.#
#b#b#o# .# .. #.#@#
# #.# #b#.# . .:.#.
..# #. ## ##


You could see Jeremiah, 2 orc warriors, a centaur and an orc.

Vanquished Creatures
  A hornet (D:5)
  Sigmund (D:4)
  3 black bears (D:5)
  2 ogres
  3 wights (D:5)
  A bombardier beetle (D:4)
  A hound (D:4)
  An orc priest (D:5)
  2 iguanas (D:5)
  2 sleepcaps
  An orc wizard (D:5)
  7 adders
  A dart slug (D:1)
  7 orcs
  3 endoplasms
  5 giant cockroaches
  5 goblins
  3 hobgoblins
  2 quokkas
  13 ball pythons
  5 bats
  A frilled lizard (D:1)
  6 kobolds
  8 rats
84 creatures vanquished.

Notes
Turn   | Place    | Note
-------+----------+-------------------------------------------
     0 | D:1      | qw the Spriggan Hunter began the quest for the Orb.
     0 | D:1      | Reached XP level 1. HP: 10/10 MP: 2/2
     0 | D:1      | 0 ||| qw: Version: 0.3-a-158-g18b3111
     0 | D:1      | 0 ||| qw: Game counter: 4092
     0 | D:1      | 0 ||| qw: Melee chars always use a shield: true
     0 | D:1      | 0 ||| qw: God list: Okawaru
     0 | D:1      | 0 ||| qw: Allow faded altars: false
     0 | D:1      | 0 ||| qw: Do Orc after clearing Dungeon:15 true
     0 | D:1      | 0 ||| qw: Do second Lair branch before Depths: true
     0 | D:1      | 0 ||| qw: Lair rune preference: random
     0 | D:1      | 0 ||| qw: Goals: Normal
     0 | D:1      | 0 ||| PLANNING D:1-11
   106 | D:1      | Reached skill level 3 in Dodging
   172 | D:1      | Reached XP level 2. HP: 14/14 MP: 3/3
   229 | D:1      | Reached skill level 4 in Dodging
   529 | D:1      | 529 ||| UPGRADING to +6 ring of dexterity.
   530 | D:1      | 530 ||| READING scroll labelled LAESE JIUBANG.
   534 | D:1      | 534 ||| READING scroll labelled IBEONODESMYL.
   535 | D:1      | 535 ||| READING scroll labelled TOINKOMUENK.
   536 | D:1      | 536 ||| READING scroll labelled SIUN EBAJIDWOSM.
   536 | D:1      | 536 ||| BRANDING +0 shortbow.
   537 | D:1      | 537 ||| DRINKING 2 pink potions.
   538 | D:1      | 538 ||| DROPPING scroll of butterflies.
   695 | D:2      | Reached XP level 3. HP: 18/18 MP: 4/4
   995 | D:2      | Found Caituegyikh's Jewellery Shoppe.
  1004 | D:2      | 1004 ||| SHOPLISTING +5 ring of evasion (432 gold, have
                  | 102).
  1004 | D:2      | 1004 ||| SHOPLISTING +6 ring of dexterity (432 gold, have
                  | 102).
  1004 | D:2      | 1004 ||| SHOPLISTING amulet of faith (480 gold, have 102).
  1004 | D:2      | 1004 ||| SHOPLISTING amulet of regeneration (360 gold, have
                  | 102).
  1004 | D:2      | 1004 ||| SHOPLISTING amulet of the acrobat (360 gold, have
                  | 102).
  1004 | D:2      | 1004 ||| SHOPLISTING ring of poison resistance (240 gold,
                  | have 102).
  1004 | D:2      | 1004 ||| SHOPLISTING ring of positive energy (240 gold,
                  | have 102).
  1141 | D:2      | 1141 ||| READING scroll labelled QOABE KUTWULO.
  1141 | D:2      | 1141 ||| IDENTIFYING yellow potion
  1142 | D:2      | 1142 ||| READING scroll labelled YNAUKU KIYDOQO.
  1142 | D:2      | Identified a scroll of acquirement
  1142 | D:2      | 1142 ||| ACQUIRING +1 shortbow of electrocution
  1142 | D:2      | Acquired a +1 shortbow of electrocution
  1144 | D:2      | 1144 ||| SWAPPING to +1 shortbow of electrocution.
  1145 | D:2      | 1145 ||| DROPPING +0 shortbow of freezing.
  1175 | D:3      | Reached skill level 5 in Dodging
  1199 | D:3      | Reached XP level 4. HP: 22/22 MP: 5/5
  1389 | D:3      | Found a faded altar of an unknown god.
  1486 | D:3      | Noticed an ogre
  1488 | D:3      | Killed an ogre
  1489 | D:3      | Reached XP level 5. HP: 25/25 MP: 6/6
  1596 | D:3      | 1596 ||| READING scroll of identify.
  1596 | D:3      | 1596 ||| IDENTIFYING metallic blue potion
  1597 | D:3      | 1597 ||| READING 2 scrolls labelled NORPHO OVUDDOHU.
  1598 | D:3      | 1598 ||| DRINKING 2 sapphire potions.
  1599 | D:3      | 1599 ||| DROPPING scroll of fog.
  1794 | D:4      | Found a white marble altar of Elyvilon.
  1863 | D:4      | Found a broken altar of Ashenzari.
  1985 | D:4      | Reached skill level 6 in Dodging
  2006 | D:4      | Reached XP level 6. HP: 30/30 MP: 7/7
  2042 | D:4      | Reached skill level 6 in Ranged Weapons
  2093 | D:4      | Found a runed translucent door.
  2094 | D:4      | Noticed Crazy Yiuf
  2330 | D:4      | Noticed Sigmund
  2331 | D:4      | 2331 ||| DRINKING potion of haste.
  2340 | D:4      | Killed Sigmund
  2341 | D:4      | Reached skill level 7 in Dodging
  2410 | D:4      | 2410 ||| UPGRADING to +2 robe of willpower.
  2420 | D:4      | 2420 ||| DROPPING +0 robe.
  2421 | D:4      | 2421 ||| READING scroll of identify.
  2421 | D:4      | 2421 ||| IDENTIFYING blue potion
  2422 | D:4      | 2422 ||| READING scroll labelled ORHAPA YXZUIM.
  2423 | D:4      | 2423 ||| READING scroll labelled RYSCHI OREAG.
  2476 | D:4      | 2476 ||| READING scroll labelled BAR MUS VAU.
  2477 | D:4      | 2477 ||| DRINKING 2 black potions.
  2478 | D:4      | 2478 ||| DROPPING potion of magic.
  2479 | D:4      | 2479 ||| DROPPING potion of brilliance.
  2507 | D:5      | Entered Level 5 of the Dungeon
  2528 | D:5      | Reached XP level 7. HP: 35/35 MP: 8/8
  2528 | D:5      | Noticed a hornet
  2529 | D:5      | 2529 ||| RETREEEEATING.
  2531 | D:5      | 2531 ||| RETREEEEATING.
  2548 | D:5      | HP: 6/35 [hornet (7)]
  2549 | D:5      | 2549 ||| READING 3 scrolls of teleportation.
  2550 | D:5      | 2550 ||| DRINKING potion of heal wounds.
  2579 | D:5      | Found a staircase to the Ecumenical Temple.
  2580 | D:5      | 2580 ||| PLANNING TEMPLE
  2589 | Temple   | Entered the Ecumenical Temple
  2590 | Temple   | 2590 ||| PLANNING OKAWARU WORSHIP
  2661 | Temple   | Became a worshipper of Warmaster Okawaru
  2662 | Temple   | 2662 ||| PLANNING D:1-11
  2757 | D:5      | Reached skill level 8 in Dodging
  2995 | D:5      | Killed a hornet
  2996 | D:5      | Reached skill level 9 in Dodging
  2996 | D:5      | Reached XP level 8. HP: 27/39 MP: 9/9
  3063 | D:5      | Reached * piety under Okawaru
  3442 | D:5      | 3442 ||| READING 2 scrolls of identify.
  3442 | D:5      | 3442 ||| IDENTIFYING metallic coppery potion
  3443 | D:5      | 3443 ||| READING scroll of identify.
  3443 | D:5      | 3443 ||| IDENTIFYING scroll labelled BOCAELU FEMAOT
  3444 | D:5      | 3444 ||| DROPPING scroll of poison.
  3445 | D:5      | 3445 ||| DROPPING potion of lignification.
  3460 | D:6      | Noticed Jeremiah
  3461 | D:6      | 3461 ||| STAIRDANCE
  3467 | D:5      | Reached skill level 1 in Invocations
  3478 | D:6      | 3478 ||| RETREEEEATING.
  3479 | D:6      | 3479 ||| RETREEEEATING.
  3480 | D:6      | 3480 ||| RETREEEEATING.
  3481 | D:6      | 3481 ||| RETREEEEATING.
  3483 | D:6      | 3483 ||| RETREEEEATING.
  3484 | D:6      | 3484 ||| RETREEEEATING.
  3485 | D:6      | 3485 ||| RETREEEEATING.
  3488 | D:6      | 3488 ||| RETREEEEATING.
  3490 | D:6      | HP: 1/39 [orc warrior/+0 glaive (14)]
  3491 | D:6      | 3491 ||| READING 4 scrolls of teleportation.
  3491 | D:6      | Slain by an orc warrior

Levels and vault maps discovered:
D:1:      dpeg_arrival_refuge, layout_basic
D:2:      layout_basic, serial_shops, nicolae_shop_gaudy_bauble
D:3:      layout_rooms, hellmonk_ecumenical_altar_inner_sanctum,
          minmay_gold_behind_fungi
D:4:      layout_basic, elyvilon_altar_1, ashenzari_altar_1, uniq_sigmund,
          uniq_crazy_yiuf_cottage
D:5:      layout_layer_cave, minmay_temple_entry_butterflies
D:6:      layout_loops_ring, minmay_misc_feat_columns, uniq_eustachio,
          uniq_jeremiah, uniq_edmund
Temple:   minmay_temple_bridge_d

Skill      XL: |  1  2  3  4  5  6  7  8 |
---------------+-------------------------+-----
Dodging        | 3 4 5 6 7 9 |  9.8
Ranged Weapons | 5 6 7 |  7.7
Fighting       | 2 |  2.0
Invocations    | 1 |  1.6
Stealth        | |  1.5

Action                     |  1- 3 |  4- 6 |  7- 9 || total
---------------------------+-------+-------+-------++-------
   Fire: Shortbow          |    60 |    71 |    76 ||   207
    Use: Scroll            |     6 |     6 |     4 ||    16
         Potion            |     1 |     3 |     1 ||     5
 Armour: Robe              |     3 |     2 |    10 ||    15
  Dodge: Dodged            |     8 |     6 |    43 ||    57

Table legend:
 A = Non-vault XP
 B = Vault XP
 C = Vault XP percentage of total XP
 D = Non-vault monster count
 E = Vault monster count
 F = Vault count percentage of total count
                 A         B        C        D         E       F
            +---------+---------+-------+---------+---------+-------
      Total |    1619 |     223 |  12.1 |      83 |       1 |   1.2
            +---------+---------+-------+---------+---------+-------
        D:1 |      27 |       0 |   0.0 |      18 |       0 |   0.0
        D:2 |      29 |       0 |   0.0 |      12 |       0 |   0.0
        D:3 |     216 |       0 |   0.0 |      18 |       0 |   0.0
        D:4 |     164 |     223 |  57.6 |      17 |       1 |   5.6
        D:5 |    1180 |       0 |   0.0 |      17 |       0 |   0.0
        D:6 |       3 |       0 |   0.0 |       1 |       0 |   0.0
            +---------+---------+-------+---------+---------+-------
